Map: Overgrowth LE (Void)

Players

Gorod

  • Race: Zerg Zerg
  • League: Diamond
  • Spawn Location: 1:00

IIIIIIIII - Winner!

  • Race: Protoss Protoss
  • League: Diamond
  • Spawn Location: 7:00

VOD

Have the link to the VOD?

Description

Time

  • Played on: Dec. 15, 2016, 7:58 a.m.
  • Length: 7:30
Show
View Real Time Build Order
Export as new Build Order

Gorod Zerg 

Build Orders: Hatch First 

Get SALT Encoding   

  12  0:12  Drone  
  13  0:14  Drone  
  14  0:28  Drone, Extractor  
  15  0:54  Hatchery  
  14  1:02  Extractor  
  14  1:05  Spawning Pool  
  14  1:06  Drone  
  14  1:19  Overlord  
  14  1:20  Extractor x2  
  14  1:24  Overlord  
  12  1:29  Drone  
  14  1:32  Drone  
  15  1:53  Queen  
  17  1:55  Drone  
  18  2:12  Queen  
  20  2:29  Queen, Drone x3  
  24  2:59  Metabolic Boost  
  24  3:00  Zergling x4  
  23  3:13  Drone x3  
  24  3:29  Drone  
  25  3:40  Zergling x4  
  22  3:50  Drone x2  
  22  3:51  Drone x4  
  26  4:05  Drone x2  
  24  4:32  Drone x3  
  24  4:33  Drone x3  
  30  4:46  Drone x3  
  30  5:04  Spore Crawler  
  29  5:15  Zergling x14, Spore Crawler  
  29  5:18  Extractor  
  29  5:20  Drone  
  36  6:26  Overlord x4  
  36  6:27  Hatchery, Overlord x2  
  35  6:36  Evolution Chamber  
  34  6:44  Evolution Chamber  
  33  6:54  Drone x3  
  33  6:55  Drone x10  
  46  7:07  Baneling Nest  
Show
View Real Time Build Order
Export as new Build Order

IIIIIIIII Protoss - Winner!

Build Orders: Oracle Opening 

Get SALT Encoding   

  12  0:01  Probe (Chrono Boost)  
  13  0:11  Probe (Chrono Boost)  
  14  0:18  Pylon  
  14  0:22  Probe (Chrono Boost)  
  15  0:36  Probe (Chrono Boost)  
  15  0:37  Gateway  
  16  0:46  Assimilator, Probe (Chrono Boost)  
  17  0:51  Assimilator  
  18  0:57  Probe (Chrono Boost)  
  18  1:07  Probe (Chrono Boost)  
  18  1:11  Gateway  
  19  1:18  Probe (Chrono Boost)  
  20  1:25  Cybernetics Core  
  20  1:28  Probe (Chrono Boost)  
  21  1:34  Pylon  
  21  1:39  Probe (Chrono Boost)  
  22  1:50  Probe (Chrono Boost)  
  23  2:00  Adept x2  
  23  2:06  Warp Gate  
  27  2:11  Stargate  
  27  2:24  Adept  
  27  2:25  Pylon  
  27  2:28  Adept  
  29  3:52  Oracle  
  26  4:17  Nexus  
  26  4:23  Stargate  
  26  4:25  Gateway  
  26  4:26  Pylon  
  26  4:28  Oracle  
  29  4:36  Zealot  
  29  4:38  Adept  
  33  4:42  Assimilator  
  33  4:47  Assimilator  
  33  4:50  Pylon  
  30  5:07  Oracle  
  30  5:10  Oracle  
  37  5:15  Probe (Chrono Boost)  
  37  5:27  Probe (Chrono Boost)  
  38  5:30  Probe (Chrono Boost)  
  39  5:38  Oracle  
  39  5:39  Probe (Chrono Boost)  
  39  5:41  Oracle, Probe (Chrono Boost)  
  41  5:43  Pylon  
  48  5:51  Probe (Chrono Boost)  
  48  5:53  Probe (Chrono Boost)  
  49  6:03  Probe (Chrono Boost)  
  51  6:05  Probe (Chrono Boost)  
  51  6:09  Oracle  
  51  6:12  Oracle  
  51  6:15  Probe (Chrono Boost)  
  51  6:17  Stalker  
  51  6:18  Probe (Chrono Boost)  
  61  6:27  Pylon, Probe (Chrono Boost)  
  61  6:30  Probe (Chrono Boost)  
  63  6:39  Probe (Chrono Boost)  
  64  6:40  Oracle  
  64  6:42  Probe (Chrono Boost)  
  64  6:43  Oracle  
  68  6:51  Probe (Chrono Boost)  
  73  6:54  Probe (Chrono Boost)  
  73  7:03  Probe (Chrono Boost)  
  73  7:06  Probe (Chrono Boost)  
  76  7:16  Probe (Chrono Boost)  
  76  7:18  Probe (Chrono Boost)  
Tags
 
Add a new tag
Caveats
  • Supply blocks, unpowered buildings, or Contaminate may cause inaccurate times.
  • Supply counts are checked every 10 seconds.